Map: Nightshade LE

Players

Osiris - Winner!

  • Race: Terran Terran
  • League: Diamond
  • Spawn Location: 11:00

Zouf

  • Race: Zerg Zerg
  • League: Diamond
  • Spawn Location: 5:00

VOD

Have the link to the VOD?

Description

Time

  • Played on: May 1, 2020, 9:51 a.m.
  • Length: 14:09
Show
View Real Time Build Order
Export as new Build Order

Osiris Terran - Winner!

Build Orders: Liberator Opening, Reaper Expand 

Get SALT Encoding   

  12  0:00  SCV  
  13  0:13  SCV  
  14  0:17  Supply Depot  
  14  0:25  SCV  
  15  0:38  SCV  
  15  0:40  Barracks  
  16  0:43  Refinery  
  16  0:50  SCV  
  17  1:03  SCV  
  18  1:15  SCV  
  19  1:27  Orbital Command  
  19  1:28  Reaper  
  20  1:39  Command Center  
  20  1:47  Supply Depot  
  20  1:53  SCV  
  21  2:00  Marine  
  22  2:04  Factory  
  22  2:09  SCV  
  23  2:18  Refinery  
  23  2:21  SCV  
  24  2:24  Barracks Reactor  
  24  2:33  SCV  
  25  2:45  SCV  
  26  2:52  SCV  
  26  2:57  SCV  
  28  3:00  Starport  
  28  3:06  Hellion  
  28  3:07  Hellion  
  28  3:09  Orbital Command  
  32  3:13  SCV  
  33  3:25  SCV  
  34  3:28  Hellion x2  
  38  3:36  SCV, Supply Depot  
  38  3:37  SCV, Liberator  
  38  3:38  Barracks Tech Lab  
  43  3:51  SCV  
  43  3:53  Hellion  
  46  3:58  Hellion  
  46  3:59  Supply Depot  
  46  4:00  Stimpack  
  46  4:02  SCV  
  49  4:11  SCV  
  49  4:15  Hellion  
  52  4:19  Hellion  
  52  4:21  Supply Depot  
  54  4:30  SCV  
  55  4:32  Command Center  
  55  4:33  SCV  
  55  4:37  Supply Depot  
  56  4:46  Barracks  
  56  4:47  SCV  
  56  4:50  Barracks  
  57  5:04  SCV  
  58  5:14  SCV  
  57  5:23  Factory Tech Lab  
  57  5:24  Starport Reactor, Marine  
  57  5:27  Refinery  
  58  5:28  SCV  
  58  5:29  SCV  
  58  5:30  Engineering Bay x2  
  60  5:40  SCV  
  61  5:43  SCV  
  61  5:45  Orbital Command  
  61  5:47  Refinery, Marine  
  61  5:48  Combat Shield, Marine x2  
  65  5:53  SCV  
  65  5:55  Barracks  
  63  5:57  SCV, Barracks  
  63  6:01  Terran Infantry Weapons Level 1, Terran Infantry Armor Level 1  
  62  6:12  Siege Tank  
  65  6:25  SCV, Marine x3  
  62  6:26  SCV  
  62  6:29  SCV  
  62  6:32  Starport Reactor  
  67  6:37  SCV  
  68  6:40  Marine  
  68  6:41  Marine  
  68  6:43  Marine x2  
  68  6:44  Barracks Reactor x2, Siege Tank  
  75  6:48  Marine  
  75  6:49  SCV  
  75  6:50  SCV  
  78  7:00  Orbital Command  
  78  7:01  SCV, Marine x2  
  79  7:02  SCV, Marine x2  
  84  7:13  SCV, Armory  
  84  7:14  Marine  
  84  7:15  Medivac x2  
  90  7:25  SCV, Supply Depot x3  
  90  7:26  SCV  
  90  7:29  SCV  
  93  7:46  SCV, Marine x9, Siege Tank  
  93  7:47  Medivac x2, Supply Depot  
  93  7:48  Supply Depot  
  110  7:52  Barracks x2  
  110  7:53  Factory, Barracks  
  110  8:01  SCV  
  110  8:02  Terran Vehicle Weapons Level 1, Terran Infantry Armor Level 2, Terran Infantry Weapons Level 2  
  110  8:05  SCV  
  112  8:07  Refinery  
  112  8:09  Refinery  
  112  8:13  Marine x5  
  112  8:14  Marine x3  
  112  8:18  Supply Depot  
  112  8:19  Supply Depot  
  120  8:20  Command Center  
  120  8:39  Marine x4  
  120  8:40  Marine, Barracks Tech Lab x2  
  125  8:41  Marine x3, Barracks Tech Lab  
  125  8:44  Marine  
  116  8:57  Marine x5, Siege Tank  
  116  8:58  Factory Tech Lab  
  116  8:59  Factory Reactor, Marine x3  
  120  9:03  Marine x3  
  120  9:04  Marauder  
  124  9:16  Marine x3  
  124  9:17  Marine x3  
  127  9:18  Medivac x2, Marine x2  
  127  9:20  SCV x2  
  127  9:21  Marine  
  139  9:25  SCV  
  146  9:31  Marauder x3  
  146  9:32  SCV  
  146  9:33  Concussive Shells  
  146  9:37  SCV  
  148  9:39  SCV  
  149  9:56  Marine x3  
  149  9:57  Marauder x2, Marine x2  
  149  9:58  Marauder x2, Marine x2  
  164  10:03  Drilling Claws  
  164  10:08  Siege Tank  
  164  10:09  Widow Mine x2  
  164  10:10  SCV  
  164  10:11  Planetary Fortress  
  172  10:17  Terran Vehicle Weapons Level 2  
  172  10:19  Terran Infantry Weapons Level 3, Terran Infantry Armor Level 3  
  172  10:24  SCV  
  170  10:39  SCV x3  
  173  10:43  Command Center x2  
  173  10:44  Refinery x2  
  173  10:51  SCV  
  169  11:02  Marauder x4, Marine x3  
  169  11:03  Marine  
  164  11:08  Medivac x2, Widow Mine x2, Siege Tank  
  164  11:09  Marine x2  
  177  11:20  Marine x5  
  177  11:23  Marauder x2  
  139  11:33  Marauder x2, Marine x2  
  139  11:34  Widow Mine x2  
  130  11:45  Marauder, Marine  
  130  11:46  Marauder, Marine x4  
  139  11:47  Medivac, Siege Tank  
  139  11:48  Medivac  
  148  11:54  Marauder  
  148  11:58  Marine  
  148  11:59  Marauder, Marine x2  
  151  12:02  Orbital Command  
  151  12:07  Marauder, Marine  
  151  12:08  Marine x3  
  156  12:09  Marauder  
  156  12:15  Marauder, Orbital Command x2  
  152  12:16  Marine  
  152  12:17  Marine x2  
  152  12:18  Widow Mine  
  152  12:20  Marauder  
  155  12:28  Marauder  
  155  12:32  SCV x2  
  155  12:35  Marauder, Marine x2  
  155  12:36  Marine  
  164  12:37  Marauder  
  164  12:41  Marauder  
  166  12:45  Marine  
  166  12:46  Marine x2  
  166  12:50  Marauder  
  171  12:55  Widow Mine  
  171  12:56  Widow Mine  
  171  12:57  Marauder  
  179  12:58  Marauder  
  179  13:00  Marine x2  
  179  13:03  Marauder  
  183  13:11  Marauder  
  185  13:20  Marine  
  186  13:30  Marine x2  
  186  13:36  Marine  
  186  13:43  Marine  
  186  13:44  Marine x2  
  186  13:45  Marauder, Widow Mine  
  186  13:47  Marine x2  
  186  13:48  Marine x2  
Show
View Real Time Build Order
Export as new Build Order

Zouf Zerg 

Build Orders: Hatch First 

Get SALT Encoding   

  12  0:01  Drone  
  13  0:15  Overlord  
  13  0:20  Drone  
  14  0:33  Drone  
  14  0:34  Drone  
  16  0:37  Drone  
  17  0:58  Hatchery, Drone  
  17  1:13  Drone  
  17  1:14  Spawning Pool, Drone  
  18  1:24  Drone  
  19  1:28  Extractor  
  19  1:31  Drone  
  19  1:42  Drone  
  21  1:54  Drone  
  21  2:03  Overlord  
  21  2:13  Hatchery, Queen  
  21  2:14  Queen  
  24  2:17  Zergling x2  
  24  2:20  Zergling x2  
  26  2:24  Drone  
  26  2:29  Drone  
  28  2:33  Drone  
  28  2:36  Drone  
  30  2:42  Drone  
  31  2:45  Metabolic Boost  
  31  2:47  Overlord  
  31  3:00  Drone  
  31  3:01  Drone  
  31  3:04  Overlord  
  33  3:07  Queen  
  33  3:08  Drone  
  36  3:16  Queen  
  36  3:17  Drone  
  36  3:18  Drone  
  40  3:25  Overlord  
  40  3:26  Overlord  
  40  3:27  Drone  
  40  3:30  Drone  
  40  3:31  Drone  
  40  3:33  Drone  
  44  3:42  Drone x3  
  47  3:55  Drone x3  
  50  3:58  Extractor  
  50  3:59  Queen, Extractor  
  50  4:00  Queen  
  50  4:01  Overlord  
  50  4:02  Drone  
  53  4:06  Drone  
  53  4:08  Zergling x2  
  53  4:09  Zergling x2  
  56  4:16  Zergling x2  
  57  4:25  Drone x5  
  57  4:30  Drone x3  
  65  4:32  Drone  
  65  4:38  Roach Warren  
  65  4:42  Queen x2  
  65  4:43  Queen  
  65  4:44  Drone x3  
  74  4:49  Drone x2  
  76  4:56  Spine Crawler x2  
  76  4:57  Evolution Chamber  
  70  5:00  Evolution Chamber  
  63  5:14  Drone x6  
  63  5:17  Queen  
  63  5:18  Queen  
  68  5:37  Spore Crawler  
  68  5:41  Drone x7  
  74  5:55  Drone x6  
  80  6:09  Roach  
  81  6:28  Drone  
  81  6:30  Lair  
  82  6:34  Hatchery, Overlord  
  82  6:35  Overlord x4  
  81  6:41  Hatchery  
  81  6:44  Hatchery  
  81  6:45  Baneling Nest  
  81  6:47  Drone x4  
  79  6:51  Spore Crawler  
  79  6:53  Zerg Missile Weapons Level 1  
  81  6:54  Zerg Melee Weapons Level 1  
  81  6:56  Extractor  
  81  6:57  Extractor  
  80  7:11  Hatchery, Overlord x2  
  80  7:13  Drone  
  80  7:14  Drone x3  
  83  7:15  Drone  
  83  7:16  Drone x4  
  88  7:30  Pneumatized Carapace  
  88  7:33  Roach  
  88  7:34  Zergling x10  
  94  7:40  Zergling x6  
  96  7:47  Glial Reconstitution  
  96  7:53  Zergling x12  
  102  7:59  Zergling x12  
  102  8:04  Drone  
  102  8:05  Queen, Drone  
  110  8:10  Extractor  
  111  8:13  Roach  
  111  8:14  Roach x3, Extractor  
  111  8:15  Zergling x4  
  120  8:26  Baneling x12  
  120  8:36  Roach x6  
  106  8:57  Roach x3  
  106  8:58  Roach x6  
  125  9:02  Zergling x2  
  125  9:03  Zergling x42  
  144  9:21  Extractor  
  144  9:23  Baneling x9  
  143  9:36  Overlord  
  143  9:37  Overlord x8  
  143  9:54  Overlord x3  
  143  9:55  Overlord x4  
  143  10:02  Roach  
  143  10:03  Roach x17  
  179  10:14  Ravager x2  
  179  10:16  Zergling x2  
  179  10:17  Zergling x18  
  187  10:59  Roach x6  
  187  11:00  Zergling x4, Overlord x3  
  200  11:19  Hatchery  
  165  11:31  Zergling x4  
  165  11:32  Zergling x32  
  167  11:41  Zergling x2  
  167  11:42  Zergling x10  
  173  11:54  Roach x3  
  135  12:11  Zergling x14  
  135  12:12  Zergling x14  
  133  12:24  Zergling x20  
  115  12:32  Drone  
  115  12:33  Drone x8  
  115  12:36  Centrifical Hooks  
  124  12:42  Zergling x12  
  124  12:43  Baneling x17  
  124  12:44  Baneling x6  
  130  12:49  Zergling x10  
  135  12:54  Spire  
  135  12:55  Hatchery  
  133  12:58  Hydralisk Den  
  133  13:02  Drone x3  
  133  13:05  Drone  
  136  13:07  Hatchery, Extractor  
  76  13:51  Zergling x4  
Tags
 
Add a new tag
Caveats
  • Supply blocks, unpowered buildings, or Contaminate may cause inaccurate times.
  • Supply counts are checked every 10 seconds.